[Event "*** Titled Tuesday Blitz"]
[Site "Chess.com"]
[Date "2021.02.09"]
[Round "2"]
[White "politeplayer"]
[Black "Pintacara"]
[Result "0-1"]
[WhiteElo "2191"]
[BlackElo "2499"]
[TimeControl "180+1"]
[EndTime "10:19:18 PST"]
[Termination "Pintacara won by resignation"]

1. e4 c5 2. d4 cxd4 3. c3 d3 4. Bxd3 Nc6 5. c4 e6 6. Nf3 a6 7. O-O Qc7 8. Nc3 Nf6 9. h3 h5 10. Re1 Bc5 11. e5 Ng4 12. Ne4 Ncxe5 13. Nxc5 Qxc5 14.
hxg4 Nxd3 15. Qxd3 hxg4 16. Ng5 Rh5 17. Be3 Qa5 18. Rad1 Rxg5 19. Bxg5 Qxg5 20. c5 Qxc5 21. Rc1 Qe7 22. Qd4 Kf8 23. Qxg4 b5 24. Qf3 d5 25.
Qh5 Kg8 26. Qxd5 exd5 27. Rxe7 Be6 28. Rec7 Kh7 29. R7c6 a5 30. b3 b4 31. Rb6 Kg6 32. f3 Kf5 33. Rc5 Ke5 34. Kf2 Kd4 35. Rbb5 a4 36.
Rc7 axb3 37. Rxb4+ Ke5 38. axb3 Ra2+ 39. Kg3 Rb2 40. Rbb7 g5 41. b4 f5 42. b5 f4+ 43.
Kh2 g4 44. fxg4 Bxg4 45. Rb6 Bf5 46. Re7+ Kd4 47. Rd6 Be4 48. Rxe4+ Kxe4 49. b6 d4 50. Re6+ Kd3 51. Rf6 Ke3 52. Kh3 d3 53. Re6+ Kd4 54. Rd6+ Ke3 55. Re6+ Kf2 56. Rf6 d2 57. Kg4 d1=Q+ 0-1

[Event "*** Titled Tuesday Blitz"]
[Site "Chess.com"]
[Date "2021.02.09"]
[Round "2"]
[White "ketster"]
[Black "Ze-Pequeno"]
[Result "1-0"]
[WhiteElo "2456"]
[BlackElo "2235"]
[TimeControl "180+1"]
[EndTime "10:19:19 PST"]
[Termination "ketster won on time"]

1. d4 Nf6 2. c4 g6 3. Nc3 Bg7 4. e4 d6 5. Nf3 O-O 6. h3 e5 7. d5 a5 8. Be3 Na6 9. g4 Nd7 10. a3 Ndc5 11. b4 Nd7 12. Rb1 axb4 13. axb4 Kh8 14. Bd3 Nf6 15. Nd2 Ng8 16. h4 h6 17.
h5 g5 18. Nf1 Ne7 19. Ng3 Bd7 20. f3 c6 21. O-O cxd5 22. cxd5 Qb8 23. Qe2 Rc8 24. Rfc1 Bf8 25. Bb6 f6 26. Qd2 Kh7 27. Nb5 Rxc1+ 28. Rxc1 Nc8 29. Be3 Be7 30. Nf5 Bxf5 31.
exf5 Bd8 32. Qc3 Kg7 33. Kf2 Kf7 34. Na3 Ke7 35. Rc2 Bb6 36. Nc4 Bd8 37. b5 Nc5 38. Bxc5 dxc5 39. d6+ Nxd6 40. Ne3 b6 41. Nd5+ Kf7 42.
Qb3 Kg7 43. Nc3 Qc8 44. Be4 Ra7 45. Qd5 Rd7 46. Qe6 Nf7 47. Bc6 Rc7 48. Nd5 Rxc6 49. bxc6 Qa6 50. c7 Bxc7 51. Nxc7 Qd3 52. Re2 Qxf3+ 53.
Kxf3 1-0

[Event "*** Titled Tuesday Blitz"]
[Site "Chess.com"]
[Date "2021.02.09"]
[Round "2"]
[White "shineatchess"]
[Black "dopolian"]
[Result "0-1"]
[WhiteElo "2192"]
[BlackElo "2423"]
[TimeControl "180+1"]
[EndTime "10:19:19 PST"]
[Termination "dopolian won by resignation"]

1. e4 e5 2. d4 exd4 3. c3 d3 4. Bxd3 Nc6 5. Nf3 Bc5 6. O-O d6 7. Bg5 Nge7 8. Nbd2 O-O 9. Nb3 Bb6 10. Nbd4 h6 11.
Nxc6 bxc6 12. Bh4 Bg4 13. h3 Bh5 14. Be2 Qe8 15. Nd4 Bxe2 16. Qxe2 Bxd4 17. Bxe7 Bxf2+ 18. Rxf2 Qxe7 19. e5 Rae8 20. Re1 Qxe5 21. Qxe5 Rxe5 22. Rxe5 dxe5 23. Re2 f6 24. Re4 Rd8 25. Ra4 Rd1+ 26. Kh2 Rd2 27. b3 Rd3 28. Rxa7 Rxc3 29. Rxc7 Rc2 30.
a4 c5 31. a5 Rb2 32. a6 Ra2 33. a7 Kh7 34. Kg3 Kg6 35. h4 f5 36. Rxc5 f4+ 37. Kf3 Kf5 38. g4+ fxg3 39. Kxg3 Rxa7 40. b4 Ra3+ 41. Kf2 Rb3 42. Rc7 Rxb4 43. Rxg7 Rxh4 44.
Rg8 Ke4 45. Ra8 Rh2+ 46. Kg3 Rd2 47. Rh8 Rd6 48. Ra8 Ke3 49. Ra3+ Rd3 50. Ra6 e4 51.
Rxh6 Kd2+ 52. Kg2 e3 53. Ra6 e2 54. Ra2+ Ke3 55. Ra1 Rd1 56. Ra3+ Kd4 57. Ra4+ Kc3 58. Re4 e1=Q 59. Rxe1 Rxe1 60. Kf2 Re8 61. Kf3 Kd4 62.
Kf2 Kd3 63. Kf3 Rf8+ 64. Kg4 Ke4 0-1

[Event "*** Titled Tuesday Blitz"]
[Site "Chess.com"]
[Date "2021.02.09"]
[Round "2"]
[White "Taran2004"]
[Black "MasterMK73"]
[Result "1-0"]
[WhiteElo "2455"]
[BlackElo "2228"]
[TimeControl "180+1"]
[EndTime "10:19:21 PST"]
[Termination "Taran2004 won on time"]

1. Nf3 d5 2. g3 g6 3. Bg2 Bg7 4.
O-O e5 5. c4 d4 6. d3 Ne7 7. b4 O-O 8. Bb2 c5 9. bxc5 Na6 10.
Nbd2 Nxc5 11. Nb3 Na4 12. Ba3 Bg4 13. Qc2 Bd7 14. Nc5 Nxc5 15. Bxc5 Bc6 16. Nd2 Bxg2 17. Kxg2 Qc7 18. Bb4 Rfe8 19. a4 Nc6 20. Ba3 f5 21. Rab1 Rab8 22. c5 Qe7 23. Nc4 Kh8 24. Nd6 Rf8 25.
Qc4 e4 26. Qd5 Qd7 27. dxe4 f4 28. Nc4 Qg4 29. f3 Qc8 30. Nd6 Qd7 31. Nc4 Qc8 32. g4 Ne7 33. Qd6 Nc6 34. Qd5 Qe8 35. Nd6 Qd7 36. Qc4 Ne5 37. Qb5 Qe6 38. Qb3 Qd7 39. h3 h5 40. Nxb7 hxg4 41. hxg4 Nxg4 42. Rh1+ Nh6 43.
Rh2 Qe7 44. c6 Qg5+ 45. Kf1 Qg3 46. Rg2 Qh3 47. Bxf8 Bxf8 48. Qd5 Bg7 49. Qd6 Qh1+ 50. Kf2 Qh4+ 51. Kf1 Qh1+ 52. Rg1 Qh3+ 53. Ke1 Qh4+ 54.
Kd2 1-0

[Event "*** Titled Tuesday Blitz"]
[Site "Chess.com"]
[Date "2021.02.09"]
[Round "2"]
[White "Fiona"]
[Black "ega2006"]
[Result "0-1"]
[WhiteElo "2108"]
[BlackElo "2401"]
[TimeControl "180+1"]
[EndTime "10:19:23 PST"]
[Termination "ega2006 won by resignation"]

1. e4 c5 2. Nc3 Nc6 3. f4 g6 4. Nf3 Bg7 5. Bb5 Nd4 6. O-O e6 7. e5 f5 8. Nxd4 cxd4 9. Ne2 Qb6 10. Bd3 Ne7 11. b3 O-O 12. Bb2 Nc6 13. a3 Rd8 14.
Qe1 d6 15. exd6 Rxd6 16. Kh1 e5 17. fxe5 Nxe5 18. Nf4 Bd7 19. Qg3 Bc6 20. Rae1 Nxd3 21. Qxd3 Bb5 22. Qf3 Bxf1 23. Rxf1 Re8 24. c4 dxc3 25.
Bxc3 Qc6 26. Qg3 Bxc3 27. dxc3 Rd7 28. h4 Kh8 29. c4 Re4 30. h5 Kg7 31. hxg6 hxg6 32.
Nd5 Rxd5 33. cxd5 Qxd5 34. Qf3 Rh4+ 35. Kg1 Qxf3 36. Rxf3 Rd4 37. Rc3 Rd7 38. b4 Kf6 39. Kf2 Re7 40. Kf3 Kg5 41. g3 a6 42. Rd3 Rc7 43.
Re3 Rc4 44. Re7 Rc3+ 45. Kg2 Kg4 46. Rxb7 Rxa3 47. Kf2 Ra2+ 48. Ke3 g5 49. Rg7 Ra3+ 50. Kd4 Rxg3 51. Rg6 Rb3 52. Kc4 Rb1 53. Rxa6 f4 54. b5 f3 55. Rf6 Kg3 56. Kc5 g4 57. b6 f2 58. Kc6 f1=Q 59. Rxf1 Rxf1 60. b7 Rb1 61.
Kc7 Kf2 62. b8=Q Rxb8 63. Kxb8 g3 0-1

[Event "*** Titled Tuesday Blitz"]
[Site "Chess.com"]
[Date "2021.02.09"]
[Round "2"]
[White "Azerichess"]
[Black "maximnovik"]
[Result "0-1"]
[WhiteElo "2975"]
[BlackElo "2592"]
[TimeControl "180+1"]
[EndTime "10:19:24 PST"]
[Termination "maximnovik won on time"]

1. d4 Nf6 2. c4 g6 3. Nc3 d5 4.
Nf3 Bg7 5. cxd5 Nxd5 6. Bg5 Nxc3 7.
bxc3 h6 8. Bh4 c5 9. e3 O-O 10. Be2 b6 11. O-O Bb7 12. Rc1 Nd7 13. Nd2 Nf6 14. Bf3 Bxf3 15. Qxf3 Rc8 16. h3 Qd7 17. Nb3 Qa4 18. Qe2 g5 19. Bg3 Ne4 20. Be5 Bxe5 21. dxe5 Rfd8 22. h4 Qd7 23. hxg5 hxg5 24. Rfd1 Qf5 25.
f3 Ng3 26. Qf2 Qxe5 27. Re1 Rd3 28. Nd2 Rcd8 29. Nf1 Nxf1 30. Kxf1 Rxc3 31. f4 Qg7 32. Rxc3 Qxc3 33. fxg5 Rd6 34. Kg1 Qe5 35. Rf1 f6 36. gxf6 Rxf6 37. Qe2 Rxf1+ 38. Kxf1 Qe4 39. Qd2 c4 40.
Kg1 Kf7 41. Qf2+ Ke6 42. Qd2 Qd3 43. Qb4 c3 44. Qb3+ Ke5 45. Qa3 Qxe3+ 46. Kh2 Qf4+ 47. Kg1 Qd4+ 48. Kh2 Qc5 49. Qc1 c2 50. Qg5+ Kd6 51. Qd2+ Kc7 52. Qc1 Qc3 53. g4 Qe5+ 54. Kh3 Qc3+ 55.
Kh2 Qd3 56. g5 Qd1 57. Qf4+ Kb7 58. Qe4+ Kb8 59. Qe5+ Qd6 0-1

[Event "*** Titled Tuesday Blitz"]
[Site "Chess.com"]
[Date "2021.02.09"]
[Round "2"]
[White "Kurkusha"]
[Black "Anton_Demchenko"]
[Result "0-1"]
[WhiteElo "2351"]
[BlackElo "2856"]
[TimeControl "180+1"]
[EndTime "10:19:24 PST"]
[Termination "Anton_Demchenko won by checkmate"]

1. d4 Nf6 2. c4 e6 3. Nf3 Bb4+ 4. Nc3 b6 5. e3 Bb7 6. Bd3 Ne4 7. Qc2 f5 8. O-O Bxc3 9. bxc3 O-O 10. Nd2 Qh4 11.
f3 Nxd2 12. Bxd2 c5 13. Be1 Qg5 14. Qe2 Nc6 15. Bg3 Qe7 16. Rad1 Na5 17. e4 f4 18. Bf2 e5 19. dxc5 bxc5 20. Rb1 Bc6 21. Rb2 Nb7 22. Rfb1 Nd8 23. Rb8 Ne6 24. Rxf8+ Rxf8 25. Qb2 g5 26. Kh1 h5 27. Qa3 Kg7 28. Rb5 g4 29.
Bxc5 Nxc5 30. Qxc5 Qxc5 31. Rxc5 Kf6 32. Ra5 Rb8 33.
Kg1 Rb2 34. Rxa7 Rd2 35. Bf1 g3 36. hxg3 fxg3 37. a4 Kg5 38. a5 Kf4 39. a6 Ra2 40. Rc7 Rxa6 41. Rc8 Ra8 42. Rc7 Rb8 43. Ra7 h4 44.
Ra5 Rb1 45. Ra2 Rc1 46. Rd2 Rxc3 47. Rd6 h3 48. Rf6+ Ke3 49. gxh3 Rc2 50. h4 Rh2 51.
Rf5 Rxh4 52. Rxe5 Kxf3 53. Rf5+ Kxe4 54. Rg5 Kf4 55. Rg7 Rh1# 0-1

[Event "*** Titled Tuesday Blitz"]
[Site "Chess.com"]
[Date "2021.02.09"]
[Round "2"]
[White "YIYUKI"]
[Black "mapleaff"]
[Result "0-1"]
[WhiteElo "2165"]
[BlackElo "2408"]
[TimeControl "180+1"]
[EndTime "10:19:24 PST"]
[Termination "mapleaff won by resignation"]

1. d4 Nf6 2. c4 g6 3. Nc3 Bg7 4. e4 d6 5. Nf3 O-O 6. Be2 e5 7. d5 a5 8. Bg5 Na6 9. Nd2 Nc5 10. O-O h6 11. Be3 b6 12. b3 Nh7 13. a3 f5 14. f3 f4 15. Bf2 Bf6 16. Qc2 Bh4 17. Rab1 Bxf2+ 18. Rxf2 g5 19. Rff1 h5 20. b4 axb4 21. axb4 Nb7 22. Ra1 Rxa1 23. Rxa1 g4 24. Ra8 g3 25. h3 Qh4 26. Bf1 Ng5 27. Nb5 Bg4 28. Rxf8+ Kxf8 29. Qa2 Bxh3 30. gxh3 g2 31. Bxg2 Qg3 32. Kf1 Nxh3 33. Bxh3 Qxh3+ 34. Ke1 Qg3+ 35. Kd1 Qg1+ 36. Kc2 Nd8 37. Qa7 h4 38. Qxc7 Qg5 39. Nxd6 Kg8 40. Nf5 h3 41. Ne7+ Kh8 42. Qxd8+ Kh7 43. Qd7 h2 44. Qh3+ Qh6 45. Qf5+ Kh8 46. Ng6+ Kg7 47. Qxe5+ Kxg6 48. Qf5+ Kg7 49. e5 h1=Q 50.
Ne4 Qg2+ 51. Kb3 Qxf3+ 52. Ka4 Qd1+ 53. Kb5 Qdh5 54. Qd7+ Qf7 55. Qg4+ Qhg6 56. Qc8 Qe8+ 57. Qxe8 Qxe8+ 58. Kxb6 Qxe5 59. Nc5 f3 60. Ne6+ Kf6 0-1

[Event "*** Titled Tuesday Blitz"]
[Site "Chess.com"]
[Date "2021.02.09"]
[Round "2"]
[White "bsnsun"]
[Black "night_player"]
[Result "0-1"]
[WhiteElo "2441"]
[BlackElo "2276"]
[TimeControl "180+1"]
[EndTime "10:19:27 PST"]
[Termination "night_player won by checkmate"]

1. d4 f5 2. Nf3 Nf6 3. g3 d6 4.
c4 g6 5. Bg2 Bg7 6. O-O O-O 7.
Nc3 c6 8. b3 Qc7 9. Bb2 e5 10.
dxe5 dxe5 11. e4 fxe4 12. Ng5 e3 13. fxe3 Na6 14. Nce4 Nxe4 15. Nxe4 Rxf1+ 16. Qxf1 Bf5 17. Rd1 Rd8 18. Qe1 Qb6 19. Nd6 Be6 20. Bc3 Qc7 21. Ne4 b6 22. h4 Nb8 23. Ng5 Bf5 24. Be4 Bxe4 25. Nxe4 Rxd1 26. Qxd1 Qd7 27. Qxd7 Nxd7 28. Nd6 Kf8 29. Nc8 a5 30. Na7 c5 31. Kf2 Ke7 32. Kf3 Ke6 33. Nb5 Nb8 34. g4 Nc6 35. Nc7+ Kd7 36. Nd5 Ke6 37. Nxb6 e4+ 38. Kxe4 Bxc3 39.
Na4 Bb4 40. Nb6 Ne5 41. Nd5 Nxg4 42. Nf4+ Kd6 43. h5 gxh5 44. Nxh5 Nf2+ 45. Kf3 Nd3 46. Nf6 h6 47. Ng4 h5 48. Nf6 h4 49. Kg4 Nc1 50. Kxh4 Nxa2 51. Ne4+ Ke5 52. Nf2 Nc1 53. Kg3 Nxb3 54. Nd3+ Ke4 55. Nb2 Kxe3 56. Na4 Kd4 57. Kf3 Kxc4 58. Ke2 Kb5 59. Nb2 a4 60. Nxa4 Kxa4 61.
Kd3 Kb5 62. Kc2 Kc4 63. Kb2 Kd3 64. Kxb3 c4+ 65. Kxb4 c3 66. Kc5 c2 67. Kd5 c1=Q 68.
Ke5 Qc4 69. Kd6 Kd4 70. Ke7 Qd5 71. Kf6 Qe4 72. Kg5 Qf3 73. Kg6 Qf4 74. Kg7 Qf5 75.
Kh6 Qg4 76. Kh7 Ke5 77. Kh8 Kf6 78. Kh7 Qg7# 0-1

[Event "*** Titled Tuesday Blitz"]
[Site "Chess.com"]
[Date "2021.02.09"]
[Round "2"]
[White "andriipalchuk"]
[Black "Indianlad"]
[Result "1/2-1/2"]
[WhiteElo "2565"]
[BlackElo "2912"]
[TimeControl "180+1"]
[EndTime "10:19:28 PST"]
[Termination "Game drawn - insufficient material"]

1. d4 Nf6 2. c4 g6 3. Nf3 Bg7 4. g3 O-O 5. Bg2 c6 6. O-O Na6 7. Nc3 d6 8. e4 e5 9. dxe5 dxe5 10. Qxd8 Rxd8 11. Nxe5 Be6 12. Be3 Ne8 13. f4 f6 14. Nf3 Bxc4 15. Rfd1 Nd6 16. a3 Bb3 17. Rdc1 Nc4 18. Bf2 Nb6 19. Nd4 Bf7 20. b4 Nc7 21. a4 Nc4 22. b5 c5 23. Nde2 b6 24. Rd1 Nb2 25. Rdb1 Nd3 26. Be3 Ne6 27. Nd5 Kf8 28. Bf3 c4 29. Kg2 Nec5 30. Nd4 Nxe4 31. Bxe4 Bxd5 32.
Bxd5 Rxd5 33. Ra2 Re8 34. Kf3 f5 35. Nc6 Nc5 36. Bxc5+ Rxc5 37. Nxa7 Rd5 38. Nc6 Rd3+ 39. Kg2 c3 40. Rc1 Rd2+ 41. Rxd2 cxd2 42. Rd1 Bc3 43. Ne5 Re6 44. Kf3 Ke7 45. Ke2 Kd6 46. Kd3 Bxe5 47. fxe5+ Rxe5 48. Rxd2 Rd5+ 49. Kc3 Rxd2 50.
Kxd2 Kc5 51. Kc3 g5 52. h3 h6 53. h4 gxh4 54. gxh4 f4 55. Kd3 Kb4 56. Ke4 Kxa4 57. Kxf4 Kxb5 58. Kf5 Kc6 59. Kg6 b5 60. Kxh6 b4 61.
h5 b3 62. Kg7 b2 63. h6 b1=Q 64. h7 Qb2+ 65. Kg8 Qg2+ 66. Kh8 Qf3 67. Kg8 Qg4+ 68. Kh8 Qf5 69. Kg8 Qg5+ 70. Kh8 Qe7 71. Kg8 Qe8+ 72. Kg7 Qe5+ 73. Kg8 Qg5+ 74. Kh8 Qh6 75. Kg8 Qg6+ 76. Kh8 Qf5 77. Kg8 Kd7 78. h8=Q Qe6+ 79. Kh7 Qh3+ 80.
Kg8 Qxh8+ 81. Kxh8 1/2-1/2

[Event "*** Titled Tuesday Blitz"]
[Site "Chess.com"]
[Date "2021.02.09"]
[Round "2"]
[White "SergeiAza"]
[Black "KetiGrant"]
[Result "1-0"]
[WhiteElo "2751"]
[BlackElo "2342"]
[TimeControl "180+1"]
[EndTime "10:19:28 PST"]
[Termination "SergeiAza won by resignation"]

1. e4 c5 2. Nf3 Nc6 3. d4 cxd4 4. Nxd4 e5 5. Nb5 d6 6. N1c3 a6 7. Na3 Be7 8. Nc4 b5 9. Ne3 Nf6 10. Bd3 O-O 11. O-O Be6 12. Ncd5 Nd7 13. Nf5 Bxf5 14.
exf5 Bg5 15. c3 Bxc1 16. Rxc1 Nf6 17. Bc2 Nxd5 18. Qxd5 Ne7 19. Qf3 d5 20. f6 gxf6 21. Qxf6 Ng6 22. Qf5 Qe7 23. Rfe1 Rad8 24. g3 e4 25. f4 Rfe8 26. Kg2 Kh8 27. Rcd1 Qe6 28. Qxe6 fxe6 29. a4 Rg8 30. Kf2 Rb8 31. Ra1 Rgf8 32. Ke3 bxa4 33. Reb1 Ne7 34. Rxa4 Nf5+ 35. Ke2 Rb6 36.
Ra5 Rc8 37. Kd2 Nd6 38. Ra2 Kg7 39. Rba1 Rcc6 40. Ba4 Rc5 41. Bd1 Nc4+ 42. Kc1 Rcb5 43. Be2 Rxb2 44. Bxc4 Rxa2 45. Bxa2 Kf6 46. Rb1 Rc6 47.
Kd2 e3+ 48. Kd3 e2 49. Re1 Rb6 50. Rxe2 a5 51. g4 a4 52. Kc2 a3 53. Bb3 Ra6 54.
Re1 Ra5 55. Ra1 h6 56. h4 Ra7 57. Kd3 e5 58. fxe5+ Kxe5 59. Ke3 Rc7 60. Kd2 Kf4 61.
g5 hxg5 62. hxg5 Kxg5 63. Bxd5 Ra7 64. c4 Kf4 65. Kc3 Ke5 66. Kb3 1-0

[Event "*** Titled Tuesday Blitz"]
[Site "Chess.com"]
[Date "2021.02.09"]
[Round "2"]
[White "erlesfar"]
[Black "jaramsdal"]
[Result "1/2-1/2"]
[WhiteElo "2546"]
[BlackElo "2308"]
[TimeControl "180+1"]
[EndTime "10:19:29 PST"]
[Termination "Game drawn - insufficient material"]

1. e4 c5 2. d4 cxd4 3. c3 d3 4. Bxd3 g6 5. Nf3 Bg7 6. c4 d6 7. h3 Nf6 8. O-O O-O 9. Nc3 Nc6 10. Re1 Nd7 11. Bg5 Re8 12. Rc1 a5 13. a3 Nc5 14. Bf1 a4 15. Rc2 Qa5 16. Nd5 Be6 17.
Bd2 Qd8 18. Bc3 Bxc3 19. Rxc3 Ne5 20. Nd4 Bd7 21. f4 Nc6 22. Rg3 e6 23. Nxc6 bxc6 24. Nc3 Qb6 25. Kh1 Qxb2 26. Qxd6 Ra5 27. Rb1 Qf2 28.
Rf3 Qh4 29. Qc7 Qd8 30. Qxd8 Rxd8 31. Rd1 Kf8 32. f5 Ke7 33. f6+ Ke8 34. e5 Bc8 35.
Rxd8+ Kxd8 36. Rf2 Ra7 37. Rd2+ Rd7 38. Rxd7+ Kxd7 39. Be2 Ba6 40. Kg1 Kc7 41. Kf2 Nd7 42. Nxa4 Nxe5 43. Nb2 c5 44. g4 h6 45. h4 g5 46.
hxg5 hxg5 47. Ke3 Nd7 48. Bf3 Nxf6 49. Nd3 Bb7 50. Bxb7 Kxb7 51. Nxc5+ Kc6 52. Ne4 Nxg4+ 53. Kd4 e5+ 54. Kc3 f5 55. Nxg5 e4 56. Kd4 e3 57.
Kd3 Kc5 58. Ne6+ Kd6 59. Nf4 Ne5+ 60. Kxe3 Nxc4+ 61. Kd4 Nxa3 62. Ng6 Ke6 63. Ke3 Kf6 64. Nh4 Nc4+ 65. Kf4 Ne5 66. Nxf5 1/2-1/2

[Event "*** Titled Tuesday Blitz"]
[Site "Chess.com"]
[Date "2021.02.09"]
[Round "2"]
[White "Beca95"]
[Black "Anna_ChessMate"]
[Result "1-0"]
[WhiteElo "2908"]
[BlackElo "2547"]
[TimeControl "180+1"]
[EndTime "10:19:33 PST"]
[Termination "Beca95 won by resignation"]

1. d4 d5 2. c4 c6 3. Nf3 Nf6 4. Nc3 dxc4 5. a4 Bf5 6. e3 e6 7. Bxc4 Bb4 8. h3 Nbd7 9. O-O O-O 10. Nh4 Qe7 11. Nxf5 exf5 12. Qf3 g6 13. g4 fxg4 14.
hxg4 Nb6 15. Bb3 Rad8 16. Kg2 Nbd5 17. Rh1 Rfe8 18. g5 Ne4 19. Nxe4 Qxe4 20. Qxe4 Rxe4 21.
Kf3 Ree8 22. e4 Nc7 23. Be3 a5 24. Rh4 Ne6 25. Rah1 h5 26. d5 cxd5 27. Bxd5 Rd7 28. Rc1 Be7 29. Bxe6 fxe6 30. Rhh1 Rf8+ 31. Ke2 Bb4 32.
Rhd1 Rfd8 33. Rxd7 Rxd7 34. f4 Kf7 35. Rc8 Kg7 36.
Kf3 Kf7 37. Rc4 Kg7 38. Bd4+ Kf7 39. Ke3 Ke7 40. Bf6+ Kf7 41. Bc3 Bxc3 42. bxc3 Ke7 43. Rc5 b6 44. Rc6 Rb7 45. Kd4 Kd7 46. Rc4 Kd6 47. Rc8 Rd7 48. Rg8 e5+ 49. Ke3 Ke6 50. Rxg6+ Kf7 51. f5 Rc7 52. Rf6+ Ke7 53. Rxb6 Rxc3+ 54.
Kd2 Rc4 55. g6 Rd4+ 56. Ke3 Rxa4 57. f6+ Kd7 58. g7 Ra3+ 59. Kf2 Ra2+ 60. Kg3 h4+ 61. Kh3 1-0

[Event "*** Titled Tuesday Blitz"]
[Site "Chess.com"]
[Date "2021.02.09"]
[Round "2"]
[White "IljaJoke"]
[Black "youngKID"]
[Result "0-1"]
[WhiteElo "2516"]
[BlackElo "2842"]
[TimeControl "180+1"]
[EndTime "10:19:35 PST"]
[Termination "youngKID won by resignation"]

1. e4 c5 2. Nf3 Nc6 3. d4 cxd4 4. Nxd4 Nf6 5. Nc3 e6 6. Ndb5 d6 7. Bf4 e5 8. Bg5 a6 9. Na3 b5 10. Nd5 Be7 11. Bxf6 Bxf6 12. c3 Bg5 13. Nc2 O-O 14.
h4 Bh6 15. a4 bxa4 16. Ncb4 Nxb4 17. cxb4 Bd7 18. g3 Kh8 19. Bd3 Qb8 20. O-O Ra7 21.
b3 Bc6 22. Rxa4 Bxa4 23. bxa4 Rc8 24. b5 axb5 25. axb5 Ra3 26. b6 Rc5 27. Be2 g6 28. Qb1 Qb7 29. Qb2 Rca5 30. Qc2 Ra2 31. Qc7 Qxc7 32.
bxc7 Rc5 33. Rb1 Rxe2 34. Rb8+ Kg7 35. c8=Q Rxc8 36. Rxc8 Rxe4 37. Kg2 Rd4 38. Ne3 Bxe3 39. fxe3 Rd2+ 40. Kf3 h5 41. e4 d5 42. exd5 Rxd5 43. Rc7 Rd3+ 44. Kf2 Rd4 45. Ra7 Rd3 46. Ra6 f6 47.
Ra7+ Kh6 48. Ra6 f5 49. Ra7 e4 50. Kg2 Rf3 51. Rb7 Rd3 52. Ra7 Rd2+ 53. Kf1 Rd6 54. Rb7 g5 55. hxg5+ Kxg5 56. Rg7+ Kh6 57. Rg8 Rg6 58.
Rh8+ Kg5 59. Kf2 Kg4 60. Rh7 Ra6 61. Rg7+ Kh3 62. Rg5 Ra2+ 63. Kf1 Ra5 64. Rxh5+ Kxg3 65. Rg5+ Kf3 0-1

[Event "*** Titled Tuesday Blitz"]
[Site "Chess.com"]
[Date "2021.02.09"]
[Round "2"]
[White "SmirnovAlexandrA"]
[Black "Spartakus1975"]
[Result "1-0"]
[WhiteElo "2257"]
[BlackElo "2579"]
[TimeControl "180+1"]
[EndTime "10:19:35 PST"]
[Termination "SmirnovAlexandrA won by resignation"]

1. e4 e6 2. d4 d5 3. Nc3 Bb4 4. e5 Ne7 5. a3 Bxc3+ 6. bxc3 c5 7. Qg4 O-O 8. Bd3 Qa5 9. Bd2 f5 10. Qg3 Qa4 11. Nf3 c4 12. Be2 Qxc2 13. h4 Nbc6 14. h5 f4 15. Qh4 h6 16. O-O Bd7 17. Rfc1 Qf5 18. Bd1 Be8 19. Nh2 Qg5 20. Qxg5 hxg5 21. Bg4 Nf5 22. Nf3 Bd7 23. Nxg5 b6 24. Nh3 Nfxd4 25.
cxd4 Nxd4 26. Bxf4 Nb3 27. Bg5 Rac8 28. Rab1 Nxc1 29. Rxc1 d4 30. Nf4 Rc6 31. Nd5 Kf7 32. Nf4 c3 33. Nd3 a5 34. Bf3 Rc7 35. Be4 b5 36. Bg6+ Kg8 37. f4 Rb8 38. Be7 Bc6 39. Bd6 Rcb7 40. Bxb8 Rxb8 41. Rb1 Bd5 42. Kf2 Bc4 43.
g3 Kf8 44. Be4 Ke7 45. Nc5 Rc8 46. Nd3 Rb8 47. Ke2 Rb6 48. Kd1 Rb8 49. Kc2 b4 50. axb4 axb4 51. Nxb4 Rb6 52. Nd3 Ra6 53. Nc5 Ra2+ 54.
Kc1 Rh2 55. Rb7+ Kd8 56. Bc6 d3 57. Rd7+ Kc8 58. Nxd3 Bxd3 59. Rxd3 Rh3 60. Rxc3 Rxh5 61. Bf3+ Kd8 62. Bxh5 1-0

[Event "*** Titled Tuesday Blitz"]
[Site "Chess.com"]
[Date "2021.02.09"]
[Round "2"]
[White "Dii210"]
[Black "SanchezKelvin"]
[Result "1-0"]
[WhiteElo "2268"]
[BlackElo "2445"]
[TimeControl "180+1"]
[EndTime "10:19:35 PST"]
[Termination "Dii210 won on time"]

1. Nf3 g6 2. e3 Bg7 3. d4 d6 4. b3 Nd7 5. Bb2 Ngf6 6. Be2 O-O 7.
h3 Ne4 8. Nbd2 Nxd2 9. Qxd2 b6 10. O-O Bb7 11. c4 Re8 12. Rad1 e5 13. dxe5 Nxe5 14. Nxe5 Bxe5 15. Bxe5 Rxe5 16. f3 f5 17. Bd3 Qf6 18. Bb1 Rae8 19. Rfe1 Qe7 20. Kf2 Qh4+ 21. Kg1 Qg3 22. Qf2 Qxf2+ 23. Kxf2 Kf7 24. Re2 f4 25. e4 a5 26. a3 Ke7 27. Red2 g5 28. Bd3 Bc6 29. Bf1 Rb8 30. a4 h5 31. Bd3 Rg8 32. Rh1 Rg7 33. Be2 Kd7 34. Bd1 Kc8 35. Kf1 g4 36. hxg4 hxg4 37. Rh8+ Kb7 38. fxg4 Bxe4 39. Kf2 Bc6 40. Rd3 Bd7 41. Bf3+ Bc6 42. Rf8 Bxf3 43. gxf3 Rge7 44. Rxf4 Re2+ 45. Kg3 Rh7 46. Rf8 Rhe7 47. Kf4 Kc6 48. g5 Kd7 49. Kg4 Rg2+ 50. Kf4 Rg7 51. Rf5 Rg1 52. Re3 Rf1 53. Ke4 Re7+ 54. Kd3 Rd1+ 55. Ke2 Re1+ 56. Kxe1 Rxe3+ 57. Kf2 Rxb3 58. g6 Rb2+ 59. Kg3 Rb1 60. Kg2 Rb2+ 61. Kh3 Rb1 62. Rg5 Re1 63. g7 1-0

[Event "*** Titled Tuesday Blitz"]
[Site "Chess.com"]
[Date "2021.02.09"]
[Round "2"]
[White "MaevskiyNikolay"]
[Black "AryanTari"]
[Result "0-1"]
[WhiteElo "2547"]
[BlackElo "2907"]
[TimeControl "180+1"]
[EndTime "10:19:37 PST"]
[Termination "AryanTari won by resignation"]

1. d4 d5 2. c4 e6 3. Nf3 Nf6 4. g3 dxc4 5. Bg2 Bb4+ 6. Bd2 c5 7. O-O O-O 8. Bxb4 cxb4 9. Ne5 Nc6 10. Nxc6 bxc6 11.
a3 b3 12. Bxc6 Rb8 13. Nc3 Qb6 14. Bg2 Rd8 15. e3 e5 16. d5 Bf5 17. e4 Bg4 18. Bf3 h5 19. Qe2 Rbc8 20. Rad1 Bh3 21. Bg2 Bg4 22. Bf3 Bh3 23. Rfe1 Ng4 24. Bg2 Bxg2 25. Kxg2 Qg6 26. h3 Nf6 27. Kh2 Nd7 28. Rd2 h4 29.
Rg1 Qh6 30. g4 Qf4+ 31. Kg2 Nc5 32. Qe3 Qxe3 33. fxe3 Nd3 34. Rf1 a6 35. Rf5 g6 36.
Rf6 Nc5 37. g5 Ne6 38. Rdf2 Nxg5 39. Rxa6 Kg7 40. Ra7 Ra8 41. Rc7 Rac8 42. d6 Rxc7 43. dxc7 Rc8 44. Nb5 Nxe4 45. Rf1 c3 46. bxc3 Nd2 47.
Rxf7+ Kxf7 48. Nd6+ Ke6 49. Nxc8 Kd7 50. Nb6+ Kxc7 51.
Na4 Nc4 52. Kf3 Kc6 53. Ke4 Kb5 54. Nb2 Nxb2 55. Kxe5 Nc4+ 56. Kd4 b2 57. a4+ Kxa4 58. Kxc4 b1=Q 59. e4 Qxe4+ 60. Kc5 Kb3 61. c4 Qxc4+ 62. Kd6 Qd3+ 63. Ke7 Qxh3 64. Kf6 Qg3 65. Kg7 h3 66. Kh8 h2 67. Kg7 h1=Q 68. Kg8 g5 69. Kg7 Qf2 70. Kg8 g4 71. Kg7 g3 0-1

[Event "*** Titled Tuesday Blitz"]
[Site "Chess.com"]
[Date "2021.02.09"]
[Round "2"]
[White "serhanberat_ozdemir"]
[Black "Alexchess1984"]
[Result "0-1"]
[WhiteElo "2457"]
[BlackElo "2687"]
[TimeControl "180+1"]
[EndTime "10:19:37 PST"]
[Termination "Alexchess1984 won by resignation"]

1. e4 d5 2. exd5 Qxd5 3. Nc3 Qa5 4. d4 Nf6 5. Bc4 Bg4 6. f3 Bh5 7. Ne2 Nc6 8. Bd2 O-O-O 9. Nd5 Qa4 10. Bb3 Qa6 11. Nxf6 exf6 12. c3 Re8 13. Kf2 Bd6 14. Nf4 Bg6 15. Re1 Na5 16. Nxg6 fxg6 17. Bf7 Rxe1 18. Qxe1 Rf8 19. Qe6+ Kb8 20. Re1 Nc6 21. Qd7 b5 22. Re8+ Rxe8 23. Qxe8+ Kb7 24. Bd5 Qb6 25. Be3 g5 26. g4 Bxh2 27. b3 Bf4 28. Bxf4 gxf4 29.
Qe4 g5 30. Ke2 Qa6 31. Kd1 h6 32. Kc1 Qa3+ 33. Kb1 Qd6 34. c4 bxc4 35. bxc4 Qb4+ 36. Kc2 Qa4+ 37. Kb2 Kb6 38. c5+ Kb7 39. Qd3 Kb8 40.
Qe4 Qxd4+ 41. Qxd4 Nxd4 42. Kc3 Ne2+ 43. Kd3 Ng3 44.
Bf7 Kb7 45. Kc4 Kc6 46. Be8+ Kb7 47. Kd5 f5 48. gxf5 Nxf5 49. Ke5 Nh4 50. Bh5 Kc6 51. Kf6 Kxc5 52. Kg7 Kd4 53. Kxh6 Ke3 54. Kxg5 Nxf3+ 55. Kf5 Nd4+ 56. Ke5 f3 57. Bxf3 Nxf3+ 58. Kd5 Nd4 59. Kc5 Kd3 60. a4 a5 61. Kd5 Kc3 62. Kc5 Kb3 63.
Kxd4 Kxa4 64. Kc4 Ka3 65. Kc3 a4 66. Kc2 Kb4 0-1

[Event "*** Titled Tuesday Blitz"]
[Site "Chess.com"]
[Date "2021.02.09"]
[Round "2"]
[White "anon481216"]
[Black "krzyzan94"]
[Result "1/2-1/2"]
[WhiteElo "2479"]
[BlackElo "2688"]
[TimeControl "180+1"]
[EndTime "10:19:40 PST"]
[Termination "Game drawn - insufficient material"]

1. d4 Nf6 2. c4 d6 3. g3 g6 4. Bg2 Bg7 5. Nc3 O-O 6. Nf3 c6 7.
O-O Qb6 8. e4 Bg4 9. Rb1 Bxf3 10. Bxf3 Nfd7 11. Be3 c5 12. dxc5 dxc5 13. Bg2 e6 14. f4 Bd4 15. Bxd4 cxd4 16. Nb5 Nc6 17. e5 Rad8 18. b4 a6 19. Nd6 a5 20. c5 Qa7 21. a3 axb4 22. axb4 Qa3 23. Kh1 Nxb4 24. Qxd4 Nc6 25. Qb2 Qxb2 26. Rxb2 Nxc5 27. Nxb7 Nxb7 28. Rxb7 Nd4 29. Rbb1 h5 30. Rfd1 Nf5 31. Be4 Ne3 32. Re1 Ng4 33. Bf3 Nh6 34. Rbd1 Kg7 35. Rxd8 Rxd8 36.
Re2 Rd3 37. Be4 Rc3 38. Kg2 Ng4 39. h3 Ne3+ 40. Kf2 Nc4 41. Rc2 Rxc2+ 42. Bxc2 Nb6 43. Bd3 Nd5 44. Be4 Nc3 45. Bd3 Kh6 46. h4 Kg7 47. Kf3 Kf8 48. Ke3 Ke7 49. Kd4 Nd1 50.
Be2 Nb2 51. Kc5 Na4+ 52. Kb4 Nb6 53. Bf3 Nd7 54. Kc4 f6 55. exf6+ Kxf6 56. Kd4 Nb6 57. Be4 Nc8 58. Bd3 Ne7 59. Ke3 Nd5+ 60. Ke4 Nb4 61. Bc4 Nc6 62. Ke3 Ne7 63. Bd3 e5 64. fxe5+ Kxe5 65. Be4 Nf5+ 66. Bxf5 Kxf5 67. Kf3 Ke5 68. Ke3 Kf5 69. Kf3 g5 70. hxg5 Kxg5 71. Kf2 Kg4 72. Kg2 h4 73. gxh4 Kxh4 1/2-1/2